 Dungeon Crawl Stone Soup version 0.29.1-2-gbd0b4ee654 (webtiles) character file.

Game seed: 5339168242976042419

75 safid the Shooter (level 4, -1/40 HPs)
             Began as a Minotaur Hunter on Nov 23, 2022.
             Killed by divine providence
             ... invoked by an orc priest
              (9 damage)
             ... on level 3 of the Dungeon.
             The game lasted 00:03:13 (1691 turns).

safid the Shooter (Minotaur Hunter)                 Turns: 1691, Time: 00:03:13

Health: -1/40      AC:  3    Str: 15    XL:     4   Next: 11%
Magic:  3/3        EV: 12    Int:  6    God:
Gold:   62         SH:  0    Dex: 16    Spells: 3/3 levels left

rFire   . . .      SeeInvis .   a - +0 shortbow
rCold   . . .      Faith    .   (shield currently unavailable)
rNeg    . . .      Spirit   .   c - +0 leather armour
rPois   .          Reflect  .   (helmet restricted)
rElec   .          Harm     .   (no cloak)
rCorr   .          Rampage  .   (no gloves)
Will    .....                   (no boots)
Stlth   +.........              (no amulet)
HPRegen 0.13/turn               (no ring)
MPRegen 0.08/turn               (no ring)

@: no status effects
A: horns 2, retaliatory headbutt
a: no special abilities


You were on level 3 of the Dungeon.
You visited 1 branch of the dungeon, and saw 3 of its levels.

You collected 62 gold pieces.

Inventory:

Hand Weapons
 a - a +0 shortbow (weapon)
Armour
 c - a +0 leather armour (worn)
Scrolls
 b - a scroll of immolation
 d - 3 scrolls of identify {unknown}
 g - 2 scrolls of poison {unknown}
 h - a scroll of noise {unknown}
 i - a scroll of fear {unknown}
 l - a scroll of torment {unknown}
Potions
 e - a potion of resistance
 f - 3 potions of flight
 k - a potion of magic {unknown}


   Skills:
 + Level 4.1 Fighting
 + Level 5.4 Ranged Weapons
 - Level 2.1 Dodging
 - Level 0.7 Stealth


You had 3 spell levels left.
You didn't know any spells.
Your spell library contained the following spells:

 Spells                   Type           Power      Damage    Failure   Level
 Summon Small Mammal      Summ           0%         N/A       52%         1
 Call Canine Familiar     Summ           0%         N/A       88%         3
 Summon Guardian Golem    Hex/Summ       0%         N/A       88%         3


Dungeon Overview and Level Annotations

Branches:
Dungeon (3/15)

Altars:


Innate Abilities, Weirdness & Mutations

You have a pair of horns on your head.
You reflexively headbutt those who attack you in melee.


Message History

The arrow hits the orc priest but does no damage.
An orc comes into view. It is wielding a +0 dagger.
The orc priest mumbles some strange prayers to Beogh against you.
Beogh smites you!
You shoot an arrow. The orc shouts!
The arrow hits the orc priest.
The orc priest is moderately wounded.
You shoot an arrow. The arrow barely misses the orc priest.
The arrow hits the orc.
The orc is severely wounded.
The orc priest calls down the wrath of Beogh upon you.
Pain shoots through your body!
You are too injured to fight recklessly!
You are too injured to fight recklessly!
You are too injured to fight recklessly!
Unknown command.
Fire: a) +0 shortbow
Press: ? - help, Q - select action Shift-Dir - straight line, f/p - orc priest
Aim: an orc priest, wielding a +0 hand axe (lightly wounded, 64% to hit)
You shoot an arrow. The arrow hits the orc priest.
The orc priest is moderately wounded.
An orc comes into view. It is wielding a +0 flail.
Fire: a) +0 shortbow
Press: ? - help, Q - select action Shift-Dir - straight line, f/p - orc priest
Aim: an orc priest, wielding a +0 hand axe (moderately wounded, 64% to hit)
You shoot an arrow. The arrow hits the orc priest.
The orc priest is heavily wounded.
The orc priest invokes the aid of Beogh against you.
Beogh smites you!
* * * LOW HITPOINT WARNING * * *
Unknown command.
Fire: a) +0 shortbow
Press: ? - help, Q - select action Shift-Dir - straight line, f/p - orc priest
Aim: an orc priest, wielding a +0 hand axe (heavily wounded, 64% to hit)
You shoot an arrow. The arrow hits the orc priest.
The orc priest is almost dead.
The orc priest calls down the wrath of Beogh upon you.
Beogh smites you!
You die...

#..........#.#.............
##.........#.#######.######
#.........#.........#
#.........###########
#.........# #.........#
..........# ........#
.......@# #####+#.# #o# #.#
#o# .o. ..# ...


You could see an orc priest and 2 orcs.

Vanquished Creatures
  2 adders (D:2)
  A dart slug (D:3)
  2 orcs (D:3)
  3 endoplasms
  2 giant cockroaches
  A goblin (D:2)
  8 hobgoblins
  6 jackals
  A quokka (D:1)
  7 ball pythons
  4 bats
  5 frilled lizards
  3 kobolds
  4 rats
49 creatures vanquished.

Vanquished Creatures (others)
  A fungus (D:2)
  8 plants (D:2)
9 creatures vanquished.

Grand Total: 58 creatures vanquished

Notes
Turn   | Place    | Note
-------+----------+-------------------------------------------
     0 | D:1      | safid the Minotaur Hunter began the quest for the Orb.
     0 | D:1      | Reached XP level 1. HP: 18/18 MP: 0/0
    34 | D:1      | Reached XP level 2. HP: 15/25 MP: 1/1
   519 | D:2      | Reached XP level 3. HP: 31/31 MP: 2/2
   530 | D:2      | Reached skill level 5 in Ranged Weapons
  1250 | D:2      | Found a faded altar of an unknown god.
  1583 | D:3      | Reached XP level 4. HP: 40/40 MP: 3/3
  1691 | D:3      | Killed from afar by an orc priest

Illustrated notes

Levels and vault maps discovered:
D:1:      evilmike_arrival_fibonacci_small, layout_rooms
D:2:      layout_loops_ring, serial_forest, infiniplex_forest_clump_tiny,
          infiniplex_forest_zigzag_1, infiniplex_forest_clump_small,
          infiniplex_forest_straight_2, infiniplex_forest_end_3,
          infiniplex_forest_clump_small, infiniplex_forest_clump_diagonal,
          infiniplex_forest_split, infiniplex_forest_corner_2,
          shapermc_ecumenical_altar_mp_ritualfount
D:3:      layout_basic

Skill      XL: |  1  2  3 |
---------------+----------+-----
Fighting       | 3 4 |  4.1
Ranged Weapons | 5 |  5.4
Dodging        | |  2.1
Stealth        | |  0.7

Action                   |  1- 3 |  4- 6 || total
-------------------------+-------+-------++-------
 Fire: Shortbow          |   101 |    12 ||   113
  Use: Potion            |     3 |       ||     3
Armor: Leather armour    |    14 |       ||    14
Dodge: Dodged            |    47 |       ||    47
